 Dungeon Crawl Stone Soup version 0.23-b1-3-gdda8187 (console) character file.

Game seed: 5027660212594868968

120 erker the Shield-Bearer (level 5, -1/42 HPs)
             Began as a Formicid Fighter on Jan 31, 2019.
             Slain by Crazy Yiuf
             ... wielding a +2 quarterstaff of chaos
              (2 damage)
             ... on level 3 of the Dungeon.
             The game lasted 00:03:11 (1523 turns).

erker the Shield-Bearer (Formicid Fighter)          Turns: 1523, Time: 00:03:11

Health: -1/42      AC:  7    Str: 18    XL:     5   Next: 25%
Magic:  5/5        EV:  8    Int:  8    God:
Gold:   94         SH:  9    Dex: 10    Spells: 4/4 levels left

rFire    . . .     SeeInvis +   a - +0 war axe
rCold    . . .     Gourm    .   c - +0 shield
rNeg     . . .     Faith    .   b - +0 scale mail
rPois    .         Spirit   .   (helmet unavailable)
rElec    .         Reflect  .   (no cloak)
rCorr    .         Harm     .   (no gloves)
MR       .....                  (no boots)
Stlth    ..........             (no amulet)
HPRegen  0.14/turn              k - -3 ring of strength (curse)
MPRegen  0.09/turn              r - ring of teleportation (curse)

@: lightly drained
A: permanent stasis, dig shafts and tunnels, four strong arms, antennae 3
a: Dig, Shaft Self


You were on level 3 of the Dungeon.
You were not hungry.

You visited 1 branch of the dungeon, and saw 3 of its levels.

You collected 94 gold pieces.

Inventory:

Hand Weapons
 a - a +0 war axe (weapon)
 e - a +0 dagger
Missiles
 t - 15 arrows
Armour
 b - a +0 scale mail (worn)
 c - a +0 shield (worn)
Jewellery
 k - a cursed -3 ring of strength (left hand)
 r - a cursed ring of teleportation (right hand)
Scrolls
 g - a scroll of remove curse {unknown}
 i - 2 scrolls of amnesia {unknown}
 j - a scroll of teleportation {unknown}
 l - a scroll of enchant armour {unknown}
 n - a scroll of fear {unknown}
 p - a scroll of fog {unknown}
Potions
 d - a potion of might
 h - a potion of heal wounds {unknown}
 m - a potion of curing {unknown}
 o - 2 potions of lignification {unknown}
 s - a potion of brilliance {unknown}
Comestibles
 f - 7 rations
 q - 4 chunks of flesh


   Skills:
 + Level 3.8(3.5) Fighting
 + Level 3.2(2.8) Axes
 + Level 4.1(3.7) Armour
 + Level 1.0(0.6) Dodging
 + Level 4.4(4.0) Shields


You had 4 spell levels left.
You didn't know any spells.
Your spell library was empty.

Dungeon Overview and Level Annotations

Branches:
Dungeon (3/15)

Altars:

Annotations:
D:3 Crazy Yiuf


Innate Abilities, Weirdness & Mutations

You cannot be hasted, slowed, berserked, paralysed or teleported.
You can dig through walls and to a lower floor.
Your four strong arms can wield two-handed weapons with a shield.
You have a pair of large antennae on your head. (SInv)


Message History

You block Crazy Yiuf's attack.
Crazy Yiuf hits you with a +2 quarterstaff of chaos!
You feel drained.
You hit Crazy Yiuf.
Crazy Yiuf is heavily wounded.
Crazy Yiuf hits you with a +2 quarterstaff of chaos.
Space bends around you.
You slash Crazy Yiuf!
Crazy Yiuf is almost dead.
You block Crazy Yiuf's attack.
You barely miss Crazy Yiuf.
Crazy Yiuf is almost dead.
You block Crazy Yiuf's attack. Crazy Yiuf hits you but does no damage.
You closely miss Crazy Yiuf.
Crazy Yiuf is almost dead.
Crazy Yiuf says, "Powder!"
Crazy Yiuf hits you with a +2 quarterstaff of chaos!
* * * LOW HITPOINT WARNING * * *
Crazy Yiuf freezes you.
You die...

###....######.........
##..## #..#..#....
♣PP..♣ #.##.###...
♣...♣♣ ##....##....
♣♣.♣♣ #...####....
♣.♣♣ ##### #.... ♣♣.♣
#.... ♣.♣♣ #.... ♣♣@♣
##... #g# ##.. ... ###
#...# #..)# #####


You could see Crazy Yiuf.

Vanquished Creatures
  A bullfrog skeleton (D:3)
  4 adders
  An ooze (D:1)
  3 dart slugs
  2 giant cockroaches (D:1)
  6 goblins
  5 hobgoblins
  5 jackals (D:1)
  A ball python (D:1)
  8 bats
  6 frilled lizards
  A kobold (D:1)
  6 rats
49 creatures vanquished.

Notes
Turn   | Place    | Note
-------+----------+-------------------------------------------
     0 | D:1      | erker the Formicid Fighter began the quest for the Orb.
     0 | D:1      | Reached XP level 1. HP: 18/18 MP: 1/1
    83 | D:1      | Reached XP level 2. HP: 21/24 MP: 2/2
   243 | D:1      | Reached XP level 3. HP: 21/30 MP: 3/3
   712 | D:2      | Reached XP level 4. HP: 26/37 MP: 4/4
  1386 | D:3      | Reached XP level 5. HP: 40/42 MP: 5/5
  1442 | D:3      | Reached skill level 1 in Dodging
  1508 | D:3      | Found a runed translucent door.
  1509 | D:3      | Noticed Crazy Yiuf
  1523 | D:3      | HP: 1/42 [Crazy Yiuf/+2 quarterstaff of chaos (15)]
  1523 | D:3      | Slain by Crazy Yiuf

Skill      XL: |  1  2  3  4  5 |
---------------+----------------+-----
Shields        | 4 |  4.4
Axes           | 3 |  3.2
Armour         | 4 |  4.1
Dodging        | 1 |  1.0
Fighting       | |  3.8

Action                   |  1- 3 |  4- 6 || total
-------------------------+-------+-------++-------
Melee: War axe           |   109 |    44 ||   153
  Eat: Chunk             |       |     2 ||     2
Armor: Scale mail        |    44 |    26 ||    70
Dodge: Dodged            |    34 |    16 ||    50
Block: Shield            |    57 |    42 ||    99
